 Dungeon Crawl Stone Soup version 0.21-a0-394-gdc75ea7 (webtiles) character file.

3480 Atlas the Martial Artist (level 9, -1/70 HPs)
             Began as a Black Draconian Transmuter on Oct 18, 2017.
             Killed by divine providence
             ... invoked by an orc priest
              (12 damage)
             ... on level 7 of the Dungeon.
             The game lasted 00:19:09 (9424 turns).

Atlas the Martial Artist (DrTm)                     Turns: 9424, Time: 00:19:10

Health: -1/70      AC:  9    Str: 13    XL:     9   Next: 79%
Magic:  11/12      EV: 15    Int: 14    God:
Gold:   291        SH:  0    Dex: 14    Spells: 1/12 levels left

rFire    x . .     SeeInvis .     - Unarmed
rCold    + . .     Gourm    .   (no shield)
rNeg     . . .     Faith    .   (armour unavailable)
rPois    .         Spirit   .   (helmet restricted)
rElec    +         Reflect  .   (no cloak)
rCorr    .         Harm     .   (no gloves)
MR       .....                  (no boots)
Stlth    ..........             (no amulet)
HPRegen  0.21/turn              g - ring of ice
MPRegen  0.13/turn              D - ring of loudness (curse)

@: no status effects
A: breathe lightning, unfitting armour, horns 1, deterioration 1, shaggy fur 2,
electricity resistance, cold-blooded, MP-powered wands, AC +7
a: Breathe Lightning


You were on level 7 of the Dungeon.
You were not hungry.

You visited 1 branch of the dungeon, and saw 7 of its levels.

You collected 291 gold pieces.

Inventory:

Missiles
 a - 84 arrows
 u - a throwing net (quivered)
Jewellery
 g - a ring of ice (left hand)
 D - a cursed ring of loudness (right hand)
Wands
 l - a wand of acid (8/15)
 s - a wand of polymorph (0/24)
 A - a wand of iceblast (0/15)
Scrolls
 d - a scroll of magic mapping {unknown}
 e - 6 scrolls of remove curse
 h - 2 scrolls of identify
 m - a scroll of teleportation {unknown}
 n - 2 scrolls of fog {unknown}
 q - a scroll of recharging {unknown}
 v - a scroll of enchant weapon {unknown}
 w - a scroll of fear {unknown}
 B - a scroll of immolation {unknown}
Potions
 f - a potion of flight
 i - 3 potions of degeneration
 j - 2 potions of curing
 k - a potion of mutation
 o - 2 potions of lignification {unknown}
 p - a potion of ambrosia {unknown}
 t - a potion of brilliance {unknown}
Books
 b - a book of Changes

   Spells                             Type                      Level
   a - Beastly Appendage              Transmutation                1
   b - Sticks to Snakes               Transmutation                2
   c - Spider Form                    Transmutation/Poison         3
   d - Ice Form                       Ice/Transmutation            4
   e - Blade Hands                    Transmutation                5
 y - a book of Transfigurations

   Spells                             Type                      Level
   a - Irradiate                      Conjuration/Transmutation    5
   b - Statue Form                    Transmutation/Earth          6
   c - Hydra Form                     Transmutation                6
   d - Dragon Form                    Transmutation                7
Miscellaneous
 x - a fan of gales (inert)
Comestibles
 c - 11 bread rations
 r - 5 fruits
 z - a meat ration
 C - 4 chunks of flesh


   Skills:
 + Level 3.3 Fighting
 + Level 5.5 Dodging
 + Level 11.1 Unarmed Combat
 - Level 2.0 Spellcasting
 + Level 5.6 Transmutations
 + Level 1.8 Poison Magic
 + Level 1.2 Evocations


You had one spell level left.
You knew the following spells:

 Your Spells              Type           Power        Failure   Level  Hunger
a - Beastly Appendage     Tmut           ###...       2%          1    ##.....
b - Sticks to Snakes      Tmut           ###.....     3%          2    ###....
c - Spider Form           Tmut/Pois      ##........   16%         3    ####...
d - Blade Hands           Tmut           ###.......   54%         5    ######.


Dungeon Overview and Level Annotations

Branches:
Dungeon (7/15)
 Temple: D:4-7

Altars:
Elyvilon
Okawaru
Sif Muna
Uskayaw
Vehumet
Xom
Yredelemnul


Innate Abilities, Weirdness & Mutations

You can breathe wild blasts of lightning.
Your glossy black scales are hard. (AC +7)
You cannot fit into any form of body armour.
You are resistant to electric shocks. (rElec)
You are cold-blooded and may be slowed by cold attacks.
You have a pair of small horns on your head.
Your body sometimes deteriorates upon taking damage.
You are covered in thick fur. (AC +2)
You expend magic power (3 MP) to strengthen your wands.


Message History

The orc warrior hits you with a halberd!!
You hit the orc warrior but do no damage.
The orc warrior is lightly wounded.
Your ball python bites the orc warrior but does no damage.
Your ball python constricts the orc warrior.
The orc warrior hits you from afar with a halberd!!
* * * LOW HITPOINT WARNING * * *
Your ball python bites the orc warrior but does no damage.
Your ball python constricts the orc warrior.
The orc priest casts a cantrip, but nothing happens.
The orc wizard hits you but does no damage.
Your ball python bites the orc warrior but does no damage.
Your ball python constricts the orc warrior.
The orc warrior struggles to escape constriction.
Your ball python bites the orc warrior but does no damage.
Your ball python constricts the orc warrior.
The orc warrior struggles to escape constriction.
The orc priest calls down the wrath of Beogh upon you.
Beogh smites you!
You die...

.8......#.###....#.#.##.#
[.......#..##....#.#.##.#
.#......'..........#.##.#
.......o##.#o..#'#......#
........##.oS##.........#
........###Z.##.........#
........# #.o...........#
........# ##.#####+#.##
###@.### #<.....#
####.#.# #.#.# #.# # #..
##. .. ..


You could see an orc warrior, an orc priest, an orc wizard, a howler monkey
skeleton and a friendly ball python.

Vanquished Creatures
  The ghost of triglyceri the Cudgeler, a novice DsAr of Okawaru (D:6)
  The ghost of brevous the Cudgeler, an amateur GrMo (D:4)
  A hippogriff (D:5)
  A soldier ant (D:5)
  Duvessa (D:6)
  2 orc warriors (D:6)
  A sky beast (D:6)
  3 ogres (D:5)
  3 phantoms
  3 bullfrogs
  2 scorpions
  2 crimson imps
  A centaur zombie (D:5)
  A hound (D:5)
  3 orc priests
  A jelly (D:5)
  7 orc wizards
  A bullfrog skeleton (D:6)
  Ijyb (D:3)
  An iguana (D:5)
  5 worker ants
  A killer bee zombie (D:6)
  A worker ant zombie (D:5)
  Robin (D:3)
  11 gnolls
  A howler monkey skeleton (D:5)
  4 adders
  2 shadow imps
  An ooze (D:2)
  3 worms
  2 dart slugs (D:1)
  6 leopard geckos
  17 orcs
  3 ball pythons
  9 giant cockroaches
  18 goblins
  10 hobgoblins
  14 jackals
  8 kobolds
  A quokka (D:4)
  A ball python skeleton (D:6)
  5 bats
  5 frilled lizards
  A giant cockroach zombie (D:5)
  A quokka zombie (D:6)
  8 rats
  A spectral orc (D:5)
177 creatures vanquished.

Vanquished Creatures (collateral kills)
  The ghost of TwoGrow the Magician, a novice GnVM of Ashenzari (D:7)
  Sigmund (D:6)
  Dowan (D:6)
  A gnoll (D:4)
  A dart slug (D:3)
  A bat (D:2)
6 creatures vanquished.

Grand Total: 183 creatures vanquished

Notes
Turn   | Place    | Note
-------+----------+-------------------------------------------
     0 | D:1      | Atlas the Draconian Transmuter began the quest for the Orb.
     0 | D:1      | Reached XP level 1. HP: 16/16 MP: 3/3
    89 | D:1      | Reached XP level 2. HP: 12/23 MP: 3/5
   892 | D:1      | Reached XP level 3. HP: 26/28 MP: 3/6
   999 | D:2      | Reached skill level 4 in Unarmed Combat
  1534 | D:1      | Learned a level 2 spell: Sticks to Snakes
  1538 | D:1      | Learned a level 3 spell: Spider Form
  1690 | D:2      | Reached XP level 4. HP: 31/35 MP: 5/7
  1740 | D:2      | HP: 1/52 [gnoll/spear (9)]
  2427 | D:3      | Noticed Ijyb
  2453 | D:3      | Killed Ijyb
  2453 | D:3      | Reached XP level 5. HP: 37/40 MP: 5/8
  2531 | D:3      | Found a shimmering altar of Xom.
  2561 | D:3      | Noticed Robin
  2564 | D:3      | Reached skill level 5 in Unarmed Combat
  2947 | D:3      | Killed Robin
  3209 | D:3      | Reached XP level 6. HP: 17/47 MP: 7/9
  3552 | D:4      | Noticed brevous's ghost (amateur GrMo)
  3985 | D:4      | Reached skill level 6 in Unarmed Combat
  3998 | D:4      | Found a radiant altar of Vehumet.
  4009 | D:4      | Found a deep blue altar of Sif Muna.
  4689 | D:4      | Your scales start taking on a glossy black colour.
  4689 | D:4      | Reached XP level 7. HP: 46/53 MP: 4/10
  4689 | D:4      | Gained mutation: You are resistant to electric shocks. (rElec) [Black Draconian growth]
  4918 | D:4      | Killed brevous's ghost
  5057 | D:4      | Got a warped hat
  5063 | D:4      | Identified the +0 hat "Toufuleg" {-Tele rF+++ Regen+ Dex-2} (You found it on level 4 of the Dungeon)
  5181 | D:4      | Got a warped bronze ring
  5182 | D:4      | Found a hide-covered altar of Uskayaw.
  5183 | D:4      | Identified the ring of Hopas {*Tele rC+ rN+} (You found it on level 4 of the Dungeon)
  5512 | D:5      | Entered Level 5 of the Dungeon
  5563 | D:5      | Reached skill level 1 in Poison Magic
  5948 | D:5      | Reached skill level 7 in Unarmed Combat
  6382 | D:5      | Found a basalt altar of Yredelemnul.
  6464 | D:5      | Reached XP level 8. HP: 44/62 MP: 11/11
  6735 | D:5      | Noticed a hippogriff
  6748 | D:5      | Killed a hippogriff
  6748 | D:5      | Reached skill level 8 in Unarmed Combat
  7087 | D:5      | Learned a level 5 spell: Blade Hands
  7162 | D:6      | Found a white marble altar of Elyvilon.
  7215 | D:6      | Found an iron altar of Okawaru.
  7227 | D:6      | Reached skill level 9 in Unarmed Combat
  7394 | D:6      | Noticed Sigmund
  7414 | D:6      | Killed Sigmund
  7455 | D:6      | Noticed triglyceri's ghost (novice DsAr)
  7480 | D:6      | Killed triglyceri's ghost
  7480 | D:6      | Reached skill level 5 in Transmutations
  7480 | D:6      | Reached XP level 9. HP: 36/69 MP: 9/12
  7758 | D:6      | Noticed Duvessa
  7789 | D:6      | Killed Duvessa
  7890 | D:6      | Noticed Dowan
  7894 | D:6      | Killed Dowan
  8414 | D:6      | Reached skill level 5 in Dodging
  8421 | D:6      | Reached skill level 10 in Unarmed Combat
  8712 | D:6      | Gained mutation: You have a pair of small horns on your head. [mutagenic meat]
  8713 | D:6      | Gained mutation: You expend magic power (3 MP) to strengthen your wands. [mutagenic meat]
  8714 | D:6      | Gained mutation: Your body sometimes deteriorates upon taking damage. [mutagenic meat]
  8715 | D:6      | Gained mutation: You are covered in fur. (AC +1) [mutagenic meat]
  8716 | D:6      | Gained mutation: You are covered in thick fur. (AC +2) [mutagenic meat]
  8765 | D:7      | Noticed TwoGrow's ghost (novice GnVM)
  8965 | D:7      | Killed TwoGrow's ghost
  8965 | D:7      | Reached skill level 1 in Evocations
  8994 | D:6      | Reached skill level 11 in Unarmed Combat
  9424 | D:7      | Killed from afar by an orc priest

Vault maps used:
D:1:      saegor_arrival_simple_f, minmay_misc_feat_plants, kennysheep_boxes
D:3:      xom_teletrap_fun, uniq_ijyb, uniq_robin
D:4:      amethyst_overflow_temple_binary, marbit_many_paths, first_bread,
          uniq_menkaure
D:5:      kennysheep_windowed_halls, yredelemnul_forgotten_temple_becter
D:6:      lemuel_doored_altar, okawaru_trees_2, uniq_duvessa, uniq_sigmund
D:7:      minmay_temple_entry_statues_pillars

Skill      XL: |  1  2  3  4  5  6  7  8  9 |
---------------+----------------------------+-----
Dodging        | 2 3 4 5 |  5.5
Unarmed Combat | 4 5 6 7 9 11 | 11.1
Transmutations | 3 4 5 |  5.6
Fighting       | 2 3 |  3.3
Poison Magic   | 1 |  1.8
Evocations     | 1 |  1.2
Spellcasting   | |  2.0

Action                   |  1- 3 |  4- 6 |  7- 9 || total
-------------------------+-------+-------+-------++-------
Melee: Unarmed           |   139 |   253 |   381 ||   773
       Kick              |    10 |     8 |       ||    18
       Tailslap          |    11 |    26 |    46 ||    83
       Headbutt          |    12 |     6 |    10 ||    28
       Punch             |       |     3 |    13 ||    16
 Cast: Beastly Appendage |    24 |    16 |     1 ||    41
       Sticks to Snakes  |       |     9 |    25 ||    34
       Spider Form       |       |     7 |     4 ||    11
 Abil: Breathe Lightning |       |       |     5 ||     5
Evoke: Wand              |       |     3 |     1 ||     4
       Fan of gales      |       |       |     1 ||     1
  Use: Potion            |       |     3 |     2 ||     5
       Scroll            |       |       |     3 ||     3
 Stab: Confused          |       |     1 |       ||     1
       Sleeping          |       |       |     1 ||     1
       Distracted        |       |       |     1 ||     1
  Eat: Chunk             |     3 |    12 |    21 ||    36
       Fruit             |       |       |     5 ||     5
Armor: Skin              |    35 |    75 |    71 ||   181
Dodge: Dodged            |    78 |   193 |   228 ||   499

Table legend:
 A = Spawn XP
 B = Non-spawn XP
 C = Spawn XP percentage of total XP
 D = Spawn monster count
 E = Non-spawn monster count
 F = Spawn count percentage of total count
 G = Total turns spent on level
                    A         B        C        D         E        F      G
               +---------+---------+-------+---------+---------+-------+---------
         Total |       0 |    4972 |   0.0 |       0 |     183 |   0.0 |  9424
               +---------+---------+-------+---------+---------+-------+---------
           D:1 |       0 |      55 |   0.0 |       0 |      23 |   0.0 |  1236
           D:2 |       0 |     117 |   0.0 |       0 |      32 |   0.0 |  1120
           D:3 |       0 |     225 |   0.0 |       0 |      43 |   0.0 |  1878
           D:4 |       0 |     605 |   0.0 |       0 |      16 |   0.0 |  1278
           D:5 |       0 |    1337 |   0.0 |       0 |      31 |   0.0 |  1829
           D:6 |       0 |    1531 |   0.0 |       0 |      28 |   0.0 |  1879
           D:7 |       0 |    1102 |   0.0 |       0 |      10 |   0.0 |   204
               +---------+---------+-------+---------+---------+-------+---------
